 Dungeon Crawl Stone Soup version 0.31-a0-188-g5e087ee2ca (webtiles) character file.

Game seed: 1431769791657053553

270 qw the Skirmisher (level 6, -3/35 HPs)
             Began as a Deep Elf Hunter on June 23, 2023.
             Was an Initiate of Okawaru.
             Slain by a gnoll sergeant
             ... wielding a +0 trident
              (5 damage)
             ... on level 5 of the Dungeon.
             The game lasted 00:00:47 (1874 turns).

qw the Skirmisher (Deep Elf Hunter)                 Turns: 1874, Time: 00:00:47

Health: -3/35      AC:  9    Str: 10    XL:     6   Next: 1%
Magic:  8/8        EV: 11    Int: 14    God:    Okawaru [......]
Gold:   53         SH:  0    Dex: 18    Spells: 5/5 levels left

rFire   . . .        Y - +1 shortbow
rCold   . . .        (shield currently unavailable)
rNeg    . . .        g - +4 ring mail {Will+}
rPois   .            (no helmet)
rElec   .            (no cloak)
rCorr   .            (no gloves)
SInv    .            (no boots)
Will    +....        f - amulet of faith
Stlth   +            (no ring)
HPRegen 0.25/turn    (no ring)
MPRegen 0.11/turn

%: faith
@: about to teleport
A: no striking features
a: Renounce Religion


You were on level 5 of the Dungeon.
You worshipped Okawaru.
Okawaru was noncommittal.
You visited 1 branch of the dungeon, and saw 5 of its levels.

You collected 179 gold pieces.
You spent 126 gold pieces at shops.


   Skills:
 + Level 1.8 Fighting
 - Level 9.5 Ranged Weapons
 - Level 2.4 Dodging
 - Level 1.2 Stealth


You had 5 spell levels left.
You didn't know any spells.
Your spell library was empty.

Inventory:

Hand Weapons
 Y - a +1 shortbow (weapon)
Armour
 g - a +4 ring mail of willpower (worn)
Jewellery
 f - an amulet of faith (around neck)
Scrolls
 k - a scroll of identify
Potions
 b - a potion of curing
 d - 2 potions of mutation {unknown}
 i - a potion of ambrosia {unknown}
 j - a potion of heal wounds {unknown}

Dungeon Overview and Level Annotations

Branches:
Dungeon (6/15)
 Temple: D:4-7

Altars:
Dithmenos
Okawaru

Shops:
D:2 [


Message History

1860 ||| Stepping ~*~*~tactically~*~*~ (outnumbered).
1861 ||| Stepping ~*~*~tactically~*~*~ (outnumbered).
You start resting.
A gnoll is nearby!
You shoot an arrow. The arrow hits the gnoll!
The gnoll is severely wounded.
The gnoll hits you with a +0 spear.
You shoot an arrow. The arrow hits the gnoll!
You kill the gnoll!
Okawaru accepts your kill.
The gnoll sergeant completely misses you.
You have reached level 6!
1866 ||| Stepping ~*~*~tactically~*~*~ (outnumbered).
You start resting.
A gnoll sergeant is nearby!
You shoot an arrow.
The arrow closely misses the gnoll sergeant.
The gnoll sergeant barely misses you.
You shoot an arrow.
The arrow hits the gnoll sergeant but does no damage.
The gnoll sergeant barely misses you.
You shoot an arrow. The arrow hits the gnoll sergeant!
The gnoll sergeant is moderately wounded.
The gnoll sergeant closely misses you.
You shoot an arrow. The arrow hits the gnoll sergeant.
The gnoll sergeant is moderately wounded.
The gnoll sergeant hits you with a +0 trident!
The gnoll sergeant closely misses you.
1872 ||| READING scroll of teleportation.
As you read the scroll of teleportation, it crumbles to dust.
You feel strangely unstable.
The gnoll sergeant hits you with a +0 trident.
You shoot an arrow.
The arrow hits the gnoll sergeant but does no damage.
The gnoll sergeant is moderately wounded.
The gnoll sergeant barely misses you.
You shoot an arrow.
The arrow barely misses the gnoll sergeant.
The gnoll sergeant hits you with a +0 trident.
You die...

#......##.# .# #.
#....####.# .#...
#.:..# #.# ######
....## #.####
#.####....##...##.
#.#
#.......g......#..
#.#
###.....g.gg.###[
#.##.#)##g:#
#.#.###g#..#
#.##.#@##..#
#.###.## ..g #.#
### g[## #.# ...
#.# ..g


You could see a gnoll sergeant.

Vanquished Creatures
  A scorpion (D:5)
  A hound (D:5)
  Jessica (D:2)
  2 iguanas
  2 gnolls (D:5)
  2 adders (D:2)
  2 worms (D:2)
  A dart slug (D:1)
  4 ball pythons
  4 endoplasms
  4 giant cockroaches
  4 goblins
  6 hobgoblins
  4 jackals (D:1)
  5 kobolds
  3 quokkas
  3 bats
  2 frilled lizards
  7 rats
58 creatures vanquished.

Notes
Turn   | Place    | Note
-------+----------+-------------------------------------------
     0 | D:1      | qw the Deep Elf Hunter began the quest for the Orb.
     0 | D:1      | Reached XP level 1. HP: 12/12 MP: 3/3
     0 | D:1      | 0 ||| qw: Version: 0.3-a-9-g12657ce
     0 | D:1      | 0 ||| qw: Game counter: 3346
     0 | D:1      | 0 ||| qw: Always use a shield: true
     0 | D:1      | 0 ||| qw: God list: Okawaru
     0 | D:1      | 0 ||| qw: Allow faded altars: false
     0 | D:1      | 0 ||| qw: Do Orc after D:15 true
     0 | D:1      | 0 ||| qw: Do second Lair branch before Depths: true
     0 | D:1      | 0 ||| qw: Lair rune preference: random
     0 | D:1      | 0 ||| qw: Plans: Normal
     0 | D:1      | 0 ||| PLANNING D:1-11
    55 | D:1      | Reached XP level 2. HP: 16/16 MP: 4/4
    58 | D:1      | Reached skill level 6 in Ranged Weapons
   466 | D:1      | Reached XP level 3. HP: 20/20 MP: 5/5
   565 | D:1      | 565 ||| UPGRADING to amulet of faith.
   570 | D:1      | 570 ||| READING scroll labelled PATUTI JEIDA.
   571 | D:1      | 571 ||| READING scroll labelled IKKAKE BAPA.
   574 | D:1      | 574 ||| READING scroll labelled ZAUMAA XEIH.
   575 | D:1      | 575 ||| READING scroll labelled PALANG VUSA.
   676 | D:1      | 676 ||| DROPPING scroll of butterflies.
   722 | D:2      | Reached skill level 7 in Ranged Weapons
   838 | D:2      | Found Ogiugaa's Antique Armour Shoppe.
   847 | D:2      | 847 ||| BUYING glowing ring mail (126 gold).
   847 | D:2      | Bought a glowing ring mail for 126 gold pieces
   847 | D:2      | 847 ||| SHOPLISTING pair of gloves (81 gold, have 5).
   847 | D:2      | 847 ||| SHOPLISTING pair of glowing boots (135 gold, have
                  | 5).
   872 | D:2      | Noticed Jessica
   883 | D:2      | HP: 4/20 [Jessica/+0 club (5)]
   888 | D:2      | Killed Jessica
   889 | D:2      | Reached XP level 4. HP: 7/25 MP: 6/6
  1409 | D:2      | 1409 ||| UPGRADING to +4 ring mail of willpower.
  1419 | D:2      | 1419 ||| DROPPING +0 leather armour.
  1420 | D:2      | 1420 ||| READING scroll labelled BEC FAUPHEA.
  1421 | D:2      | 1421 ||| READING scroll labelled NEFREM QOCIN.
  1422 | D:2      | 1422 ||| READING scroll labelled HOATROISAU.
  1472 | D:3      | Reached skill level 8 in Ranged Weapons
  1598 | D:3      | Found a shadowy altar of Dithmenos.
  1603 | D:3      | You fall into a shaft and drop 3 floors!
  1604 | D:6      | 1604 ||| READING 2 scrolls of identify.
  1604 | D:6      | 1604 ||| IDENTIFYING white potion
  1613 | D:5      | Entered Level 5 of the Dungeon
  1613 | D:5      | Found an iron altar of Okawaru.
  1614 | D:5      | 1614 ||| PLANNING OKAWARU WORSHIP
  1627 | D:5      | Reached XP level 5. HP: 18/29 MP: 7/7
  1673 | D:5      | Became a worshipper of Warmaster Okawaru
  1674 | D:5      | 1674 ||| PLANNING D:1-11
  1724 | D:5      | Reached skill level 9 in Ranged Weapons
  1850 | D:5      | 1850 ||| Stepping ~*~*~tactically~*~*~ (outnumbered).
  1852 | D:5      | 1852 ||| Stepping ~*~*~tactically~*~*~ (outnumbered).
  1860 | D:5      | 1860 ||| Stepping ~*~*~tactically~*~*~ (outnumbered).
  1861 | D:5      | 1861 ||| Stepping ~*~*~tactically~*~*~ (outnumbered).
  1866 | D:5      | Reached XP level 6. HP: 15/35 MP: 8/8
  1866 | D:5      | 1866 ||| Stepping ~*~*~tactically~*~*~ (outnumbered).
  1871 | D:5      | HP: 7/35 [gnoll sergeant/+0 trident (10)]
  1872 | D:5      | 1872 ||| READING scroll of teleportation.
  1872 | D:5      | HP: 1/35 [gnoll sergeant/+0 trident (6)]
  1874 | D:5      | Slain by a gnoll sergeant

Levels and vault maps discovered:
D:1:      dpeg_arrival_yet_another_circle, layout_basic, minmay_curled_crystal
D:2:      layout_loops_ring, serial_glass, glass_columns_a, glass_columns_c,
          serial_shops, nicolae_shop_dealshenge, uniq_jessica
D:3:      layout_basic, nicolae_qazlal_scattered_showers, nemelex_altar_shiori,
          lemuel_crystal_altar
D:5:      kennysheep_six_static_rooms, layout_loops_ring,
          nicolae_ashenzari_skybound, okawaru_gym_becter,
          gammafunk_ghost_nasty_kobolds, nicolae_elevator_lobby_asterisk
D:6:      cheibrodos_fzero, layout_basic, nicolae_uskayaw_suspiria,
          tgw_kikubaaqudgha, nicolae_wu_jian_wuxing_cycle,
          biasface_ghost_orc_armoury

Skill      XL: |  1  2  3  4  5 |
---------------+----------------+-----
Ranged Weapons | 6 7 8 9 |  9.5
Fighting       | |  1.8
Dodging        | |  2.4
Stealth        | |  1.2

Action                     |  1- 3 |  4- 6 || total
---------------------------+-------+-------++-------
   Fire: Shortbow          |   111 |    69 ||   180
    Use: Scroll            |     4 |     5 ||     9
 Armour: Leather armour    |    12 |       ||    12
         Ring mail         |       |    11 ||    11
  Dodge: Dodged            |    28 |    15 ||    43

Table legend:
 A = Non-vault XP
 B = Vault XP
 C = Vault XP percentage of total XP
 D = Non-vault monster count
 E = Vault monster count
 F = Vault count percentage of total count
                 A         B        C        D         E       F
            +---------+---------+-------+---------+---------+-------
      Total |     350 |      37 |   9.6 |      57 |       1 |   1.7
            +---------+---------+-------+---------+---------+-------
        D:1 |      48 |       0 |   0.0 |      27 |       0 |   0.0
        D:2 |      64 |      37 |  36.6 |      20 |       1 |   4.8
        D:3 |      43 |       0 |   0.0 |       5 |       0 |   0.0
        D:5 |     195 |       0 |   0.0 |       5 |       0 |   0.0
            +---------+---------+-------+---------+---------+-------
